AoeStats
← Barón de la Cerveza

Arena

508312947Analyzed
1v1 RM · 11d ago on Sep 21, 2026· 37m 24s· 2 players
Game mode
Random Map
Map size
Tiny (2 player)
Population
200
Speed
Normal
Resources
Standard
Victory
Conquest
Starting age
Dark Age
Ending age
Imperial Age
RankedLock teamsTeams togetherTeam positionsShared explorationLock speedFull tech treeHidden civsTurbo modeCheats
Victory
Defeat
🇨🇳 Vietnamese · China
1987
+13
🇲🇽 Franks · Mexico
1924
-13
Barón de la Cerveza
10:58 Feudal Age
15:03 Castle Age
12:50 Double-Bit Axe
16:13 Bow Saw
24:43 Wheelbarrow
25:47 Gold Mining
25:47 Stone Mining
25:47 Loom
29:41 Imperial Age
28:36 Hand Cart
28:26 Husbandry
28:33 Scale Barding Armor
29:29 Masonry
30:35 Chain Barding Armor
30:35 Cavalier
32:10 Plate Barding Armor
32:12 Paladin
35:05 Chemistry
34:30 Elite Skirmisher
35:02 Fletching
35:12 Padded Archer Armor
HeavenlyChorus
11:08 Feudal Age
12:19 Double-Bit Axe
15:04 Castle Age
12:49 Horse Collar
16:03 Bow Saw
15:58 Heavy Plow
16:23 Husbandry
21:41 Wheelbarrow
23:11 Gold Mining
27:57 Imperial Age
25:29 Fletching
26:03 Padded Archer Armor
26:34 Hand Cart
26:05 Town Watch
26:18 Bodkin Arrow
26:24 Padded Archer Armor
28:32 Ballistics
28:23 Bloodlines
28:43 Bracer
29:56 Two-Man Saw
29:26 Crop Rotation
28:48 Stone Mining
30:00 Chemistry
30:38 Thumb Ring
30:58 Leather Archer Armor
32:06 Heavy Cavalry Archer
34:11 Squires
35:08 Ring Archer Armor
34:38 Scale Mail Armor
34:38 Elite Fire Lancer
36:51 Loom
37:28 Chain Mail Armor
37:23 Forging
37:40 Siege Engineers
37:15 Treadmill Crane
Connection lost

Rejoining the realm…

Still unreachable

The connection could not be restored.

Session expired

The server has moved on; the page needs a fresh start.